 Dungeon Crawl Stone Soup version 0.32-a0-859-gb0a091d592 (webtiles) character file.

Game seed: 4266605341850531125

59 Griffin23 the Shield-Bearer (level 3, -2/33 HPs)
             Began as a Minotaur Fighter on Mar 27, 2024.
             Succumbed to a goblin's poison
             ... on level 3 of the Dungeon.
             The game lasted 00:01:57 (1345 turns).

Griffin23 the Shield-Bearer (Minotaur Fighter)      Turns: 1345, Time: 00:01:57

Health: -2/33      AC:  8    Str: 22    XL:     3   Next: 78%
Magic:  2/2        EV:  8    Int:  5    God:
Gold:   142        SH:  4    Dex:  9    Spells: 2/2 levels left

rFire   . . .        a - +0 long sword
rCold   . . .        c - +0 buckler
rNeg    . . .        b - +0 scale mail
rPois   .            (helmet restricted)
rElec   .            (no cloak)
rCorr   .            e - +0 pair of gloves
SInv    .            (no boots)
Will    .....        m - amulet of guardian spirit Stlth
                     i - ring of flight
HPRegen 0.25/turn    (no ring)
MPRegen 0.08/turn

%: guardian spirit
@: brilliant, lethally poisoned (-2 -> -19), flying
A: horns 2, retaliatory headbutt
a: no special abilities


You were on level 3 of the Dungeon.
You visited 1 branch of the dungeon, and saw 3 of its levels.

You collected 142 gold pieces.

Inventory:

Hand Weapons
 a - a +0 long sword (weapon)
Armour
 b - a +0 scale mail (worn)
 c - a +0 buckler (worn)
 e - a +0 pair of gloves (worn)
 k - a +0 tower shield
Jewellery
 i - a ring of flight (left hand)
 m - an amulet of guardian spirit (around neck)
Scrolls
 g - a scroll of acquirement {unknown}
 h - a scroll of noise {unknown}
 j - a scroll of fear {unknown}
 n - a scroll of enchant weapon {unknown}
Potions
 d - a potion of might
 f - a potion of heal wounds {unknown}


   Skills:
 + Level 4.2 Fighting
 * Level 3.2 Long Blades
 * Level 4.2 Armour
 + Level 4.3 Shields


You had 2 spell levels left.
You didn't know any spells.
Your spell library was empty.

Dungeon Overview and Level Annotations

Branches:
Dungeon (3/15)

Altars:
Elyvilon


Innate Abilities, Weirdness & Mutations

You have a pair of horns on your head.
You reflexively headbutt those who attack you in melee.


Message History

No target in view!
No target in view!
A goblin comes into view. It is wielding a +2 dagger of venom.
A goblin is nearby!
A goblin is nearby!
The goblin hits you but does no damage.
You are poisoned.
A goblin is nearby!
You closely miss the goblin.
You feel very sick.
The goblin hits you with a +2 dagger of venom.
You are more poisoned.
A goblin is nearby!
You closely miss the goblin.
You feel very sick. The goblin hits you but does no damage.
You are more poisoned.
You barely miss the goblin. Your headbutt misses the goblin.
You feel very sick.
The goblin hits you with a +2 dagger of venom.
You are lethally poisoned!
The goblin hits you but does no damage.
You are more poisoned.
You are too injured to fight recklessly!
You are too injured to fight recklessly!
You are too injured to fight recklessly!
You closely miss the goblin. You headbutt the goblin.
You kill the goblin!
* * * LOW HITPOINT WARNING * * *
You feel extremely sick. 2 jackals come into view.
* * * LOW HITPOINT WARNING * * *
You feel very sick.
The jackal barks!
The jackal stops to sniff the ground.
Things that are here:
a +2 dagger of venom; a goblin corpse It was a potion of brilliance.
You feel clever all of a sudden.
You die...

#...........#
#.
#.#####..##.#
#. #.# #..# #
#. #.# #..# #.
#.###.#####..#
#.
#............#
#####.######..
#.# #. . #@# .
#.# ..# ##.#
#.# # #h. .
#.# . .h.


You could see 2 jackals.

Vanquished Creatures
  2 adders (D:2)
  A ribbon worm (D:2)
  3 ball pythons
  6 bats
  5 endoplasms
  2 giant cockroaches
  7 goblins
  2 hobgoblins (D:1)
  A jackal (D:2)
  2 quokkas (D:1)
  2 frilled lizards
  2 kobolds
35 creatures vanquished.

Notes
Turn   | Place    | Note
-------+----------+-------------------------------------------
     0 | D:1      | Griffin23 the Minotaur Fighter began the quest for the Orb.
     0 | D:1      | Reached XP level 1. HP: 19/19 MP: 0/0
   116 | D:1      | Reached XP level 2. HP: 20/27 MP: 1/1
   534 | D:2      | Reached XP level 3. HP: 31/33 MP: 2/2
   548 | D:2      | Found a white marble altar of Elyvilon.
  1345 | D:3      | Succumbed to a goblin's poison

Illustrated notes

Levels and vault maps discovered:
D:1:      dpeg_arrival_round_a, layout_basic
D:2:      layout_basic, basic_altar, hangedman_feature_mirror, minivault_26
D:3:      layout_loops_ring, gammafunk_temple_overflow_claw, uniq_robin

Skill      XL: |  1  2 |
---------------+-------+-----
Armour         | 4 |  4.2
Shields        | 4 |  4.3
Fighting       | 4 |  4.2
Long Blades    | 3 |  3.2

Action                     || total
---------------------------++-------
  Melee: Long sword        ||    79
         Headbutt          ||    13
    Use: Potion            ||     1
 Armour: Scale mail        ||    65
  Dodge: Dodged            ||    39
  Block: Buckler           ||    16

Table legend: (Time is in decaauts)
 A = Elapsed time spent in this place.
 B = Non-inter-level travel time spent in this place.
 C = Inter-level travel time spent in this place.
 D = Time resting spent in this place.
 E = Time spent auto-exploring this place.
 F = Levels seen in this place.
 G = Mean time per level.
                   A        B        C        D        E       F      G
               +--------+--------+--------+--------+--------+-----+--------+
         Total |   1367 |   1308 |     59 |      0 |   1052 |   3 |  455.7 |
       Dungeon |   1367 |   1308 |     59 |      0 |   1052 |   3 |  455.7 |
               +--------+--------+--------+--------+--------+-----+--------+

Top non-repeatable levels by time:
     D:2: 663 daAuts
     D:1: 498 daAuts
     D:3: 205 daAuts
